 Dungeon Crawl Stone Soup version 0.15.1-1-gfacfea3 (webtiles) character file.

36626 Johnny the Fighter (level 13, -8/111 HPs)
             Began as a Demigod Fire Elementalist on Sept 25, 2014.
             Killed from afar by a blink frog (12 damage)
             ... with an exploding inner flame
             ... hexed by the player character
             ... on Level 7 of the Lair of Beasts.
             The game lasted 01:08:11 (19426 turns).

Johnny the Fighter (Demigod Fire Elementalist)     Turns: 19426, Time: 01:08:12

HP  -8/111       AC 23     Str 20      XL: 13   Next: 22%
MP   0/32        EV 17     Int 23      God:
Gold 1206        SH  0     Dex 23      Spells:  6 memorised,  4 levels left

rFire  + . .     SeeInvis .     d - +11 spear of Sin {pain, rN+ Str+2}
rCold  . . .     Clarity  .     y - +8 scale mail of Nahuhiwk {MR+ Str+3 Slay+5}
rNeg   + . .     rCorr    .     (no shield)
rPois  .         rRot     .     s - +0 helmet
rElec  .         Spirit   +     m - +1 cloak
SustAb .         Warding  .     w - +2 pair of gloves
rMut   .         Stasis   .     C - +0 pair of boots
Gourm  .                        k - amulet of guardian spirit
MR     +++..                    l - ring of protection from fire
                                M - ring of protection from magic

@: agile, lethally poisoned, very slightly contaminated, extremely resistant to
hostile enchantments, fairly stealthy
A: no striking features
a: no special abilities


You were on level 7 of the Lair of Beasts.
You were hungry.

You visited 2 branches of the dungeon, and saw 15 of its levels.

You collected 1255 gold pieces.
You spent 49 gold pieces at shops.

Inventory:

Hand weapons
 d - the +11 spear of Sin (weapon) {pain, rN+ Str+2}
   (You found it on level 7 of the Dungeon)

   In the hands of one skilled in necromantic magic, it inflicts extra damage on
   living creatures.
   It affects your strength (+2).
   It protects you from negative energy.
 O - a +2 short sword of speed
Armour
 m - a +1 cloak (worn)
 s - a +0 helmet (worn)
 w - a +2 pair of gloves (worn)
 y - the +8 scale mail of Nahuhiwk (worn) {MR+ Str+3 Slay+5}
   (You found it on level 5 of the Dungeon)

   It affects your strength (+3).
   It affects your accuracy and damage with ranged weapons and melee attacks
   (+5).
   It affects your resistance to hostile enchantments.
 C - a +0 pair of boots (worn)
 H - the -3 helmet "Hoalistau" {Dex+4 SInv}
   (You found it on level 4 of the Lair of Beasts)

   It affects your dexterity (+4).
   It enhances your eyesight.
Magical devices
 p - a wand of confusion (0)
 x - a wand of random effects (8)
 D - a wand of polymorph (12)
 I - a wand of fire (5)
 J - a wand of cold (7)
 R - a wand of disintegration (11)
 S - a wand of invisibility (2)
Comestibles
 a - 7 meat rations
 c - 13 bread rations
 f - 2 slices of pizza
 q - 3 rotting chunks of hippogriff flesh
 G - 3 royal jellies
Scrolls
 g - 2 scrolls of noise
 i - a scroll of vulnerability
 j - 4 scrolls of remove curse
 r - 4 scrolls of amnesia
 v - 2 scrolls of enchant weapon
 z - a scroll of silence
 B - 4 scrolls of enchant armour
 F - 3 scrolls of magic mapping
 L - a scroll of recharging
 N - 3 scrolls of immolation
Jewellery
 k - an amulet of guardian spirit (around neck)
 l - a ring of protection from fire (right hand)
 t - an uncursed ring of sustain abilities
 K - an uncursed ring of flight
 M - a ring of protection from magic (left hand)
 W - an uncursed ring of protection from cold
Potions
 h - 3 potions of restore abilities
 o - a potion of poison {unknown}
 E - a potion of brilliance
 P - a potion of magic {unknown}
 Q - a potion of cure mutation
Books
 b - a book of Flames

   Spells                             Type                      Level
   *Flame Tongue                      Conjuration/Fire             1
   Throw Flame                        Conjuration/Fire             2
   Conjure Flame                      Conjuration/Fire             3
   Inner Flame                        Hexes/Fire                   3
   *Sticky Flame                      Conjuration/Fire             4
   *Fireball                          Conjuration/Fire             5
 e - a book of Fire

   Spells                             Type                      Level
   Ignite Poison                      Fire/Transmutation           5
   *Fireball                          Conjuration/Fire             5
   Bolt of Fire                       Conjuration/Fire             6
   Delayed Fireball                   Conjuration/Fire             7
   Ring of Flames                     Charms/Fire                  7
 n - a book of the Tempests

   Spells                             Type                      Level
   Static Discharge                   Conjuration/Air              3
   Lightning Bolt                     Conjuration/Air              5
   *Fireball                          Conjuration/Fire             5
   Tornado                            Air                          9
   *Shatter                           Earth                        9
 T - a book of Party Tricks

   Spells                             Type                      Level
   Summon Butterflies                 Summoning                    1
   Apportation                        Translocation                1
   *Blink                             Translocation                2
   *Tukima's Dance                    Hexes                        3
   Alistair's Intoxication            Transmutation/Poison         4
Miscellaneous
 u - a stone of tremors
 U - a phial of floods


   Skills:
 * Level 9.1 Fighting
 + Level 5.9 Armour
 + Level 6.2 Dodging
 + Level 6.3 Stealth
 * Level 8.2 Spellcasting
 * Level 8.1 Conjurations
 * Level 3.8 Hexes
 + Level 2.1 Translocations
 * Level 8.8 Fire Magic
 * Level 5.7 Earth Magic
 + Level 5.1 Evocations


You had 4 spell levels left.
You knew the following spells:

 Your Spells              Type           Power        Failure   Level  Hunger
a - Shatter               Erth           #####.....   100%        9    #######
b - Sticky Flame          Conj/Fire      #####...     6%          4    ###....
c - Blink                 Tloc           N/A          12%         2    None
d - Tukima's Dance        Hex            ####....     12%         3    None
e - Fireball              Conj/Fire      #####.....   14%         5    ####...
f - Flame Tongue          Conj/Fire      #####        1%          1    None


Dungeon Overview and Level Annotations

Branches:
Dungeon (8/15)             Temple (0/1) D:7            Lair (7/8) D:8
  Swamp (0/5) Lair:4        Snake (0/5) Lair:3        Slime (0/6) Lair:7

Shops:
D:5 *

Annotations:
D:7 gigot's ghost, experienced TrMo
Lair:5 Snorg


Message History

Casting: Blink
Confirm with . or Enter, or press ? or * to list all spells.
You don't have enough magic to cast that spell.
Casting: Blink
Confirm with . or Enter, or press ? or * to list all spells.
Okay, then.
You hit the blink frog.
The blink frog is heavily wounded.
You feel sick.
The blink frog hits you but does no damage.
The spiny frog barely misses you. The blink frog closely misses you.
The blink frog hits you.
* * * LOW HITPOINT WARNING * * *
The blink frog barely misses you. The spiny frog closely misses you.
You impale the blink frog!!
The blink frog explodes!
The fiery explosion engulfs the blink frog.
The blink frog explodes!
The fiery explosion engulfs you! You resist.
You die...

### ### # # ####
#.#####.#####
##...###.F###..#.#.#>#..#
.......§@F....#..........
........§§§....#.#.#.#...
......§§§§..........%...
..............#.#.#.#...
.............#..........
....<........#.#.#.#..F
............#..#....§..
!...........##.........
..........P##.#.#.....


You could see a spiny frog (inner flame) and a blink frog (inner flame).

Vanquished Creatures
  Rupert (Lair:4)
  7 hydras
  Harold (Lair:4)
  Erica (Lair:4)
  A death yak (Lair:7)
  The ghost of mutis the Fighter, an experienced MiBe of Trog (D:6)
  4 oklob plants (Lair:6)
  A griffon (Lair:6)
  3 elephants (Lair:6)
  3 black mambas
  A fire drake (Lair:4)
  10 spiny frogs
  5 komodo dragons
  A two-headed ogre (D:8)
  A polar bear (Lair:6)
  A troll (D:8)
  A queen bee (D:8)
  14 blink frogs
  3 basilisks
  A spriggan (Lair:6)
  A hill giant zombie (D:8)
  A wyvern (Lair:4)
  18 yaks
  6 hippogriffs
  3 nagas (Lair:3)
  The ghost of Johnny the Chiller, an average DgIE (D:4)
  A mottled dragon (D:8)
  15 water moccasins
  10 wolves
  An ice beast (D:8)
  8 porcupines
  4 sky beasts
  4 centaurs
  4 black bears
  A necrophage (D:5)
  An orc warrior (D:8)
  4 ogres
  A phantom (D:7)
  12 crocodiles
  3 boring beetles
  A yaktaur zombie (D:8)
  19 giant frogs
  16 killer bees (D:8)
  10 wights
  2 crimson imps (D:8)
  2 jellies
  A goliath beetle (D:8)
  A gnoll shaman (D:5)
  A centaur zombie (D:6)
  11 hounds
  5 electric eels
  5 orc priests
  A quasit (D:6)
  8 orc wizards
  A black bear skeleton (D:5)
  Natasha (thrice) (D:4)
  4 worker ants
  13 iguanas
  13 sheep
  2 hound skeletons
  40 green rats
  6 gnolls (D:5)
  An inept feature mimic (D:7)
  21 adders
  2 giant mites
  A giant gecko (D:1)
  An ooze (D:1)
  26 orcs
  2 ball pythons (D:1)
  5 giant cockroaches
  16 hobgoblins
  19 kobolds
  7 quokkas
  14 bats
  4 giant newts
  A giant spore (D:6)
  13 goblins
  2 kobold skeletons
  A quokka zombie (D:8)
  14 rats
  2 rat skeletons
  A rat zombie (D:4)
  A ballistomycete (D:6)
  2 plants (Lair:6)
481 creatures vanquished.

Vanquished Creatures (others)
  A water elemental (Lair:4)
  An earth elemental (Lair:4)
  4 fungi
  8 plants
14 creatures vanquished.

Grand Total: 495 creatures vanquished

Notes
Turn   | Place    | Note
--------------------------------------------------------------
     0 | D:1      | Johnny, the Demigod Fire Elementalist, began the quest for the Orb.
     0 | D:1      | Reached XP level 1. HP: 14/14 MP: 3/3
    12 | D:1      | Reached skill level 1 in Conjurations
   344 | D:1      | Reached XP level 2. HP: 4/22 MP: 4/4
   622 | D:1      | Reached skill level 3 in Fire Magic
   785 | D:1      | Reached skill level 1 in Fighting
  1344 | D:2      | You fall through a shaft!
  1346 | D:3      | Reached XP level 3. HP: 28/28 MP: 4/8
  1630 | D:3      | Reached skill level 1 in Armour
  1630 | D:3      | Reached XP level 4. HP: 34/36 MP: 2/10
  2537 | D:4      | Reached XP level 5. HP: 31/41 MP: 12/12
  2600 | D:4      | Found a stormy altar of Qazlal.
  2602 | D:4      | Noticed an air elemental
  2603 | D:4      | Noticed a water elemental
  2603 | D:4      | Noticed a fire elemental
  2674 | D:4      | Learned a level 4 spell: Sticky Flame
  2874 | D:4      | Noticed Johnny's ghost (average DgIE)
  2914 | D:4      | Killed Johnny's ghost
  2914 | D:4      | Reached XP level 6. HP: 29/50 MP: 0/16
  3200 | D:4      | Noticed Natasha
  3204 | D:4      | Killed Natasha
  3306 | D:4      | Noticed Natasha
  3314 | D:4      | Killed Natasha
  3381 | D:4      | Noticed Natasha
  3381 | D:4      | Killed Natasha
  3711 | D:5      | Entered Level 5 of the Dungeon
  3713 | D:5      | Got a bloodstained scale mail
  3724 | D:5      | Identified the +8 scale mail of Nahuhiwk {MR+ Str+3 Slay+5} (You found it on level 5 of the Dungeon)
  3736 | D:5      | Reached skill level 4 in Fire Magic
  3893 | D:5      | Reached XP level 7. HP: 16/57 MP: 15/19
  4435 | D:5      | Found Kubo's General Store.
  4443 | D:5      | Bought a +0 pair of boots for 49 gold pieces
  4568 | D:5      | Found a blossoming altar of Fedhas.
  4810 | D:5      | Reached XP level 8. HP: 45/66 MP: 20/20
  5234 | D:6      | Found a burning altar of Makhleb.
  5582 | D:6      | Reached skill level 5 in Fire Magic
  5664 | D:6      | Found a basalt altar of Yredelemnul.
  5742 | D:6      | Noticed mutis' ghost (experienced MiBe)
  5764 | D:6      | Killed mutis' ghost
  6068 | D:6      | Reached XP level 9. HP: 67/73 MP: 20/23
  6602 | D:7      | Reached skill level 5 in Fighting
  6602 | D:7      | Reached skill level 5 in Conjurations
  6704 | D:7      | Reached skill level 5 in Spellcasting
  6705 | D:7      | Noticed gigot's ghost (experienced TrMo)
  6719 | D:7      | Gained mutation: You have a pair of small horns on your head. [potion of beneficial mutation]
  7135 | D:7      | Lost mutation: You have a pair of small horns on your head. [potion of cure mutation]
  7260 | D:7      | Found a staircase to the Ecumenical Temple.
  7295 | D:7      | Got a slimy spear
  7296 | D:7      | Identified the +11 spear of Sin {pain, rN+ Str+2} (You found it on level 7 of the Dungeon)
  7979 | D:8      | Reached skill level 1 in Evocations
  7985 | D:8      | Reached skill level 6 in Fire Magic
  8133 | D:8      | Found a deep blue altar of Sif Muna.
  8273 | D:8      | Found a staircase to the Lair.
  8353 | D:8      | Reached XP level 10. HP: 12/83 MP: 2/26
  9733 | Lair:1   | Entered Level 1 of the Lair of Beasts
  9956 | Lair:1   | Learned a level 9 spell: Shatter
 10082 | Lair:1   | Reached skill level 7 in Fire Magic
 10620 | Lair:2   | Reached skill level 1 in Earth Magic
 10881 | Lair:2   | Reached skill level 5 in Dodging
 10893 | Lair:2   | Reached XP level 11. HP: 67/92 MP: 2/28
 11181 | Lair:2   | Noticed an eight-headed hydra
 11635 | Lair:2   | Killed an eight-headed hydra
 11635 | Lair:2   | Reached skill level 5 in Stealth
 13522 | Lair:3   | Found a staircase to the Snake Pit.
 13616 | Lair:3   | Reached skill level 5 in Armour
 13916 | Lair:3   | Reached skill level 8 in Fighting
 14120 | Lair:4   | Learned a level 5 spell: Fireball
 14128 | Lair:4   | Noticed Harold
 14132 | Lair:4   | Killed Harold
 14408 | Lair:4   | Reached XP level 12. HP: 50/101 MP: 21/29
 14565 | Lair:4   | Noticed Rupert
 14732 | Lair:4   | Got a twisted helmet
 14744 | Lair:4   | Identified the cursed -3 helmet "Hoalistau" {Dex+4 SInv} (You found it on level 4 of the Lair of Beasts)
 14802 | Lair:4   | Learned a level 2 spell: Blink
 14806 | Lair:4   | Learned a level 3 spell: Tukima's Dance
 14828 | Lair:4   | Found a staircase to the Swamp.
 14864 | Lair:4   | Noticed Erica
 14875 | Lair:4   | Killed Erica
 14927 | Lair:4   | HP: 2/102 [spiny frog (15)]
 15043 | Lair:4   | Reached skill level 1 in Hexes
 15596 | Lair:4   | Killed Rupert
 15596 | Lair:4   | Reached skill level 1 in Translocations
 15966 | Lair:5   | Noticed a six-headed hydra
 15973 | Lair:5   | Killed a six-headed hydra
 16469 | Lair:5   | Noticed Snorg
 17070 | Lair:5   | Noticed a seven-headed hydra
 17079 | Lair:5   | Killed a seven-headed hydra
 17079 | Lair:5   | Reached skill level 5 in Earth Magic
 17238 | Lair:6   | Noticed a six-headed hydra
 17247 | Lair:6   | Killed a six-headed hydra
 18387 | Lair:6   | Noticed a six-headed hydra
 18395 | Lair:6   | Killed a six-headed hydra
 18564 | Lair:6   | Noticed a five-headed hydra
 18571 | Lair:6   | Killed a five-headed hydra
 18571 | Lair:6   | Reached skill level 5 in Evocations
 18571 | Lair:6   | Reached XP level 13. HP: 105/110 MP: 12/31
 18838 | Lair:6   | Reached skill level 9 in Fighting
 19307 | Lair:7   | Found a staircase to the Slime Pits.
 19425 | Lair:7   | HP: 4/111 [blink frog (6)]
 19426 | Lair:7   | Killed from afar by a blink frog

Action                   |  1- 3 |  4- 6 |  7- 9 | 10-12 | 13-15 || total
-------------------------+-------+-------+-------+-------+-------++-------
Melee: Short sword       |    49 |       |   125 |       |       ||   174
       Unarmed           |     3 |       |       |       |       ||     3
       Dagger            |   151 |     5 |       |       |       ||   156
       Flail             |       |    91 |   186 |       |       ||   277
       Spear             |       |       |    86 |   736 |    56 ||   878
 Fire: Hand crossbow     |       |    33 |       |       |       ||    33
 Cast: Flame Tongue      |    24 |    49 |    19 |    38 |     4 ||   134
       Sticky Flame      |       |       |    10 |    88 |     3 ||   101
       Fireball          |       |       |       |    27 |    16 ||    43
       Tukima's Dance    |       |       |       |     5 |       ||     5
       Blink             |       |       |       |     2 |     8 ||    10
Evoke: Wand              |       |       |     1 |    39 |     1 ||    41
       Stone of tremors  |       |       |       |     1 |       ||     1
       Phial of floods   |       |       |       |     1 |       ||     1
  Use: Potion            |       |     6 |     9 |     5 |     1 ||    21
       Scroll            |       |     4 |     8 |    18 |     3 ||    33
 Stab: Sleeping          |     2 |       |       |     8 |       ||    10
       Confused          |       |       |       |     2 |       ||     2
       Distracted        |       |       |       |     1 |       ||     1
       Invisible         |       |       |       |     3 |       ||     3
  Eat: Chunk             |     3 |     6 |    15 |    31 |     2 ||    57
       Pizza             |       |       |     1 |     1 |       ||     2
       Fruit             |       |       |     2 |     9 |     1 ||    12
       Royal jelly       |       |       |       |     4 |     2 ||     6
